 Dungeon Crawl Stone Soup version 0.21.1-1-g345015fe64 (webtiles) character file.

901 originalK the Shield-Bearer (level 7, -3/90 HPs)
             Began as a Minotaur Fighter on July 16, 2018.
             Killed from afar by Dowan (6 damage)
             ... with a stone arrow
             ... on level 5 of the Dungeon.
             The game lasted 00:29:45 (2656 turns).

originalK the Shield-Bearer (Minotaur Fighter)      Turns: 2656, Time: 00:29:46

Health: -3/90      AC:  9    Str: 27    XL:     7   Next: 80%
Magic:  6/6        EV:  6    Int:  5    God:
Gold:   184        SH: 11    Dex: 10    Spells: 6/6 levels left

rFire    . . .     SeeInvis .   b - +4 flail (crush)
rCold    . . .     Gourm    .   c - +0 shield
rNeg     . . .     Faith    .   v - +0 chain mail
rPois    .         Spirit   .   (helmet restricted)
rElec    .         Reflect  .   (no cloak)
rCorr    .         Harm     .   (no gloves)
MR       .....                  (no boots)
Stlth    ..........             (no amulet)
HPRegen  0.25/turn              (no ring)
MPRegen  0.10/turn              (no ring)

@: berserking (expiring), starving, very quick
A: retaliatory headbutt, horns 2
a: no special abilities


You were on level 5 of the Dungeon.
You were starving.

You visited 1 branch of the dungeon, and saw 5 of its levels.

You collected 184 gold pieces.

Inventory:

Hand Weapons
 a - a +0 war axe
 b - a +4 flail of crushing (weapon)
 s - a +0 war axe
 C - the +1 flail "Luedafyf" {crush, rPois rF+ rN++ Str-5, unknown}
   (You found it on level 5 of the Dungeon)

   It inflicts extra damage upon your enemies.
   It affects your strength (-5).
   It protects you from fire.
   It protects you from poison.
   It greatly protects you from negative energy.
Missiles
 p - 14 poisoned needles
Armour
 c - a +0 shield (worn)
 v - a +0 chain mail (worn)
Jewellery
 g - an uncursed amulet of faith {unknown}
 h - a +3 ring of dexterity {unknown}
 A - an uncursed ring of see invisible {unknown}
Wands
 y - a wand of polymorph (9)
 z - a wand of iceblast (7)
Scrolls
 i - 4 scrolls of fog {unknown}
 j - a scroll of enchant weapon {unknown}
 k - 4 scrolls of fear {unknown}
 o - 5 scrolls of identify {unknown}
 q - a scroll of amnesia {unknown}
 w - a scroll of teleportation {unknown}
 x - a scroll of enchant armour {unknown}
 B - a scroll of remove curse {unknown}
Potions
 d - 2 potions of might
 e - a potion of heal wounds {unknown}
 l - 3 potions of curing {unknown}
 m - 2 potions of lignification {unknown}
 n - a potion of haste {unknown}
 t - a potion of cancellation {unknown}
 u - 3 potions of brilliance {unknown}
Comestibles
 f - 7 rations


   Skills:
 + Level 4.8 Fighting
 - Level 5.0(6.4) Axes
 * Level 6.1(7.0) Maces & Flails
 + Level 5.2 Armour
 - Level 0.5 Stealth
 + Level 6.3 Shields


You had 6 spell levels left.
You didn't know any spells.

Dungeon Overview and Level Annotations

Branches:
Dungeon (5/15)
 Temple: D:4-7

Altars:

Annotations:
D:5 Dowan


Innate Abilities, Weirdness & Mutations

You reflexively headbutt those who attack you in melee.
You have a pair of horns on your head.


Message History

You block Duvessa's attack.
You sock Duvessa! Your headbutt misses Duvessa.
Duvessa is heavily wounded.
Duvessa hits you but does no damage.
You hit Duvessa.
Duvessa is severely wounded.
You block Duvessa's attack.
You completely miss Duvessa. You headbutt Duvessa!
Duvessa is almost dead.
You block Duvessa's attack.
Your shield and chain mail prevent you from hitting Duvessa.
You kill Duvessa!
Dowan seems overcome with grief, but rights himself reflexively soon after.
Dowan seems to find hidden reserves of power!
Your base Maces & Flails skill increases to level 6!
You sock Dowan!
Dowan is severely wounded.
Dowan gestures at you while chanting. The stone arrow hits you!
You die...

#... #...# #.##########...
##...# #.#......$##...
#....# #.#.# #...##...
####.)..###.#.###...##...
.......+................
#####.... #.....#.#...#.###
........###....##.#...#.#
........'e@.......'...+..
###....)###....##.#...#.###
#.....# #....##....##.#
#.....# #....##....##.#
#.....# #######....##.#
####### #....# #....#
#..... #.##..


You could see Dowan.

Vanquished Creatures
  Duvessa (D:5)
  A phantom (D:4)
  A necrophage (D:5)
  An ogre (D:4)
  A scorpion (D:4)
  2 crimson imps
  2 orc priests
  3 orc wizards
  Ijyb (D:4)
  2 worker ants (D:4)
  A worker ant zombie (D:5)
  3 gnolls (D:2)
  8 adders
  3 worms
  3 dart slugs
  20 orcs
  4 bats
  A giant cockroach (D:1)
  7 goblins
  5 hobgoblins
  3 jackals (D:4)
  2 quokkas
  2 ball pythons
  A frilled lizard (D:4)
  2 kobolds
  6 rats
86 creatures vanquished.

Notes
Turn   | Place    | Note
-------+----------+-------------------------------------------
     0 | D:1      | originalK the Minotaur Fighter began the quest for the Orb.
     0 | D:1      | Reached XP level 1. HP: 19/19 MP: 0/0
   297 | D:1      | Reached XP level 2. HP: 17/27 MP: 1/1
   869 | D:2      | Reached XP level 3. HP: 30/33 MP: 2/2
  1106 | D:2      | Reached XP level 4. HP: 40/40 MP: 3/3
  1488 | D:3      | Reached skill level 5 in Shields
  1488 | D:3      | Reached XP level 5. HP: 46/46 MP: 4/4
  2050 | D:4      | Noticed Ijyb
  2079 | D:4      | Reached skill level 5 in Axes
  2079 | D:4      | Reached XP level 6. HP: 50/52 MP: 5/5
  2093 | D:4      | Killed Ijyb
  2093 | D:4      | Reached skill level 1 in Maces & Flails
  2292 | D:4      | Reached XP level 7. HP: 45/60 MP: 6/6
  2492 | D:4      | Reached skill level 5 in Armour
  2502 | D:5      | Entered Level 5 of the Dungeon
  2543 | D:5      | Got a scorched flail
  2573 | D:5      | Reached skill level 5 in Maces & Flails
  2635 | D:5      | Noticed Duvessa
  2636 | D:5      | Noticed Dowan
  2648 | D:5      | HP: 4/90 [Duvessa/rapier (7)]
  2655 | D:5      | Killed Duvessa
  2656 | D:5      | Killed from afar by Dowan

Skill      XL: |  1  2  3  4  5  6  7 |
---------------+----------------------+-----
Shields        | 4 5 6 |  6.3
Fighting       | 4 |  4.8
Armour         | 4 5 |  5.2
Axes           | 3 4 5 |  5.0
Maces & Flails | 4 6 |  6.1
Stealth        | |  0.5

Action                   |  1- 3 |  4- 6 |  7- 9 || total
-------------------------+-------+-------+-------++-------
Melee: War axe           |    47 |    39 |       ||    86
       Headbutt          |     8 |    16 |    10 ||    34
       Flail             |       |    61 |    46 ||   107
       Unarmed           |       |    18 |       ||    18
Evoke: Wand              |       |       |     1 ||     1
  Use: Potion            |       |       |     1 ||     1
  Eat: Ration            |       |     1 |       ||     1
Armor: Scale mail        |     9 |    11 |       ||    20
       Chain mail        |       |    20 |     6 ||    26
       Skin              |       |     3 |       ||     3
Dodge: Dodged            |    11 |    52 |     9 ||    72
Block: Shield            |    28 |    61 |    20 ||   109
